 Dungeon Crawl Stone Soup version 0.18-a0-1789-gbeff17f (webtiles) character file.

30 macross the Ruffian (level 3, -9/33 HPs)
             Began as a Ghoul Monk on Apr 21, 2016.
             Mangled by macross's ghost (18 damage)
             ... on level 3 of the Dungeon.
             The game lasted 00:02:48 (1034 turns).

macross the Ruffian (Ghoul Monk)                    Turns: 1034, Time: 00:03:25

Health: -9/33      AC:  2    Str: 15    XL:     3   Next: 18%
Magic:  2/2        EV: 12    Int:  5    God:
Gold:   91         SH:  0    Dex: 11    Spells: 0 memorised, 2 levels left

rFire  . . .     SeeInvis .       - Unarmed
rCold  + . .     Gourm    .     a - +0 robe
rNeg   + + +     Faith    .     (no shield)
rPois  ∞         Spirit   .     (no helmet)
rElec  .         Dismiss  .     (no cloak)
rCorr  .         Reflect  .     (no gloves)
SustAt .         Harm     .     (no boots)
MR     .....                    (no amulet)
Stlth  ++........               (no ring)
                                (no ring)

@: rotting, not resistant to hostile enchantments, unstealthy
A: rotting body, claws 1, carnivore 3, cold resistance 1, negative energy
resistance 3, slow regeneration 1, torment resistance, unbreathing
a: no special abilities


You were on level 3 of the Dungeon.
You were not hungry.

You visited 1 branch of the dungeon, and saw 3 of its levels.

You collected 91 gold pieces.

Inventory:

Armour
 a - a +0 robe (worn)
Jewellery
 h - an uncursed ring of magical power {unknown}
Scrolls
 f - 2 scrolls of random uselessness
Potions
 d - a potion of lignification {unknown}
 e - a potion of curing


   Skills:
 + Level 3.7 Fighting
 + Level 3.0 Dodging
 + Level 2.3 Stealth
 + Level 4.8 Unarmed Combat


You had 2 spell levels left.
You didn't know any spells.

Dungeon Overview and Level Annotations

Branches:
Dungeon (3/15)

Altars:
Trog

Annotations:
D:3 macross's ghost, amateur DsVM


Innate Abilities, Weirdness & Mutations

Your body is rotting away.
You thrive on raw meat.
You are immune to poison.
You have sharp fingernails.
You are carnivorous and can eat meat at any time.
Your flesh is cold resistant.
You are immune to negative energy.
You regenerate slowly when monsters are visible.
You are immune to unholy pain and torment.
You can survive without breathing.


Message History

There is a stone staircase leading up here.
You closely miss macross's ghost. Macross's ghost hits you.
You are electrocuted!
You scratch macross's ghost but do no damage.
You claw macross's ghost!
Macross's ghost is moderately damaged.
Macross's ghost hits you.
You closely miss macross's ghost.
Macross's ghost is lightly damaged.
Macross's ghost hits you.
You scratch macross's ghost but do no damage.
Macross's ghost is lightly damaged.
Macross's ghost hits you.
You scratch macross's ghost.
Macross's ghost is moderately damaged.
Macross's ghost hits you.
* * * LOW HITPOINT WARNING * * *
You are electrocuted!
Ouch! That really hurt!
You die...

.... ... ... ##..
...# # #####..#
#.#@..#†.###
#.W...#....#
#........#+#
#..............
#.......#........
#######.#........
#.##....... #(#
####### ..#


You could see macross's ghost.

Vanquished Creatures
  A worm (D:2)
  A dart slug (D:2)
  A giant gecko (D:2)
  2 bats (D:2)
  2 giant cockroaches (D:1)
  A hobgoblin (D:2)
  4 kobolds
  A quokka (D:3)
  A giant newt (D:2)
  5 goblins
  3 rats
22 creatures vanquished.

Notes
Turn   | Place    | Note
--------------------------------------------------------------
     0 | D:1      | macross the Ghoul Monk began the quest for the Orb.
     0 | D:1      | Reached XP level 1. HP: 19/19 MP: 0/0
   138 | D:2      | Reached XP level 2. HP: 26/26 MP: 1/1
   256 | D:2      | Found a bloodstained altar of Trog.
   449 | D:2      | Reached XP level 3. HP: 28/32 MP: 2/2
   777 | D:3      | Noticed macross's ghost (amateur DsVM)
  1034 | D:3      | Mangled by macross's ghost

Vault maps used:
D:1:      mainiacjoe_arrival_reflecting_pool, monster_avoids_cloud
D:2:      nicolae_overflow_hidden_temple, lemuel_crystal_altar, minivault_24
D:3:      serial_glass, glass_columns_b, glass_columns_a, first_bread

Skill      XL: |  1  2  3 |
---------------+----------+-----
Dodging        | 3 |  3.0
Fighting       | |  3.7
Stealth        | |  2.3
Unarmed Combat | |  4.8

Action                   || total
-------------------------++-------
Melee: Unarmed           ||    78
  Use: Scroll            ||     2
       Potion            ||     1
 Stab: Sleeping          ||     4
  Eat: Meat ration       ||     1
Armor: Robe              ||    16
Dodge: Dodged            ||    41
